 Dungeon Crawl Stone Soup version 0.28-a0-440-ge3cd3e9 (webtiles) character file.

Game seed: 6592140689760916300

11444 Sixotanaka the Nimble (level 11, -3/84 HPs)
             Began as a Merfolk Ice Elementalist on Sept 11, 2021.
             Was a Priest of Ashenzari.
             Hit by a large rock thrown by a cyclops (16 damage)
             ... on level 11 of the Dungeon.
             The game lasted 00:42:23 (14903 turns).

Sixotanaka the Nimble (Merfolk Ice Elementalist)   Turns: 14903, Time: 00:42:23

Health: -3/84      AC:  8    Str:  9    XL:     11   Next: 77%
Magic:  1/19       EV: 18    Int: 17    God:    Ashenzari [***...]
Gold:   602        SH:  5    Dex: 15    Spells: 7/21 levels left

rFire   . . .      SeeInvis +   k - +3 short sword of Supernal Understanding {protect, Self, Melee} (curse)
rCold   + . .      Faith    .   c - +0 buckler of the Ruined Seer {Elem, Comp} (curse)
rNeg    . . .      Spirit   .   B - +2 robe {rC+}
rPois   .          Reflect  .   n - +2 helmet "Sibylline Soothsayer" {Elem, Bglg} (curse)
rElec   .          Harm     .   (no cloak)
rCorr   .          Rampage  .   z - +0 pair of gloves of the Pangnostic Gnosis {archery, Evo, Elem} (curse)
Will    +....      Clarity  +   (no boots)
Stlth   ++........              (no amulet)
HPRegen 0.24/turn               d - ring of Ashenzari's Prison {Will+, Self, Melee} (curse)
MPRegen 0.16/turn               (no ring)

@: no status effects
A: (nimble swimmer 2), mertail
a: Renounce Religion, Curse Item, Shatter the Chains


You were on level 11 of the Dungeon.
You worshipped Ashenzari.
Ashenzari was most pleased with you.
You visited 2 branches of the dungeon, and saw 12 of its levels.
You also visited: Sewer.

You collected 602 gold pieces.

Inventory:

Hand Weapons
 k - the cursed +3 short sword of Supernal Understanding (weapon) {protect, Self, Melee}
   (You took it off a kobold in a sewer)

   It grants its wielder temporary protection when it strikes (+7 to AC).
   It has a curse which improves the following skills: Introspection: Fighting
   and Spellcasting.
   Melee Combat: Short Blades, Long Blades, Axes, Maces & Flails, Polearms,
   Staves and Unarmed Combat.
Missiles
 j - 3 throwing nets
Armour
 c - the cursed +0 buckler of the Ruined Seer (worn) {Elem, Comp}
   (You found it on level 3 of the Dungeon)

   It has a curse which improves the following skills: Elements: Fire Magic, Ice
   Magic, Air Magic and Earth Magic.
   Companions: Summonings and Necromancy.
 g - a +0 leather armour
 n - the cursed +2 helmet "Sibylline Soothsayer" (worn) {Elem, Bglg}
   (You took it off Robin on level 3 of the Dungeon)

   It has a curse which improves the following skills: Elements: Fire Magic, Ice
   Magic, Air Magic and Earth Magic.
   Beguiling: Conjurations, Hexes and Translocations.
 z - the cursed +0 pair of gloves of the Pangnostic Gnosis (worn) {archery, Evo, Elem}
   (You found it on level 6 of the Dungeon)

   It has a curse which improves the following skills: Evocations: Evocations.
   Elements:  Fire Magic, Ice Magic, Air Magic and Earth Magic.
 B - a +2 robe of cold resistance (worn)
 D - the +3 buckler "Wefadgh" {Dex+3}
   (You acquired it on level 11 of the Dungeon)

   Dex:       It affects your dexterity (+3).
 E - a +2 helmet
Magical Staves
 p - a staff of conjuration
Jewellery
 d - the cursed ring of Ashenzari's Prison (left hand) {Will+, Self, Melee}
   (You found it on level 10 of the Dungeon)

   [ring of willpower]

   Will:      It increases your willpower.
   It has a curse which improves the following skills: Introspection: Fighting
   and Spellcasting.
   Melee Combat: Short Blades, Long Blades, Axes, Maces & Flails, Polearms,
   Staves and Unarmed Combat.
Wands
 a - a wand of mindburst (30)
 r - a wand of paralysis (28)
 v - a wand of polymorph (4)
 x - a wand of digging (5)
 y - a wand of flame (25)
 A - a wand of iceblast (9)
Scrolls
 e - 3 scrolls of enchant armour
 h - 8 scrolls of teleportation
 i - 3 scrolls of amnesia
 l - a scroll of fog
 o - 2 scrolls of silence
 s - 4 scrolls of summoning
 t - a scroll of magic mapping
Potions
 b - a potion of lignification
 m - 7 potions of curing
 q - 2 potions of brilliance
 u - 2 potions of cancellation
 w - a potion of flight
 C - a potion of haste


   Skills:
 - Level 4.3(7.1) Fighting
 - Level 12.0 Dodging
 - Level 2.1 Stealth
 - Level 4.0 Shields
 - Level 3.0(5.5) Spellcasting
 + Level 6.8(8.8) Conjurations
 - Level 6.5(8.4) Hexes
 - Level 11.7(15.2) Ice Magic


You had 7 spell levels left.
You knew the following spells:

 Your Spells              Type           Power      Damage    Failure   Level
a - Freeze                Ice            100%       1d11      1%          1
b - Frozen Ramparts       Ice            100%       1d12      1%          3
c - Ozocubu's Armour      Ice            54%        N/A       1%          3
d - Dazzling Flash        Conj/Hex       68%        N/A       1%          3
e - Hailstorm             Conj/Ice       45%        3d10      1%          4

Your spell library contained the following spells:

 Spells                   Type           Power      Damage    Failure   Level
 Slow                     Hex            33%        N/A       1%          2
 Confusing Touch          Hex            33%        N/A       1%          3
 Cause Fear               Hex            16%        N/A       4%          4
 Inner Flame              Hex/Fire       20%        N/A       6%          3
 Portal Projectile        Hex/Tloc       38%        N/A       7%          3
 Pain                     Necr           20%        1d5       12%         1
 Silence                  Hex/Air        10%        N/A       52%         5
 Yara's Violent Unravell  Hex/Tmut       9%         3d6       54%         5
 Agony                    Necr           5%         N/A       98%         5
 Blade Hands              Tmut           2%         N/A       98%         5
 Excruciating Wounds      Necr           2%         N/A       98%         5
 Discord                  Hex            16%        N/A       100%        8


Dungeon Overview and Level Annotations

Branches:
Dungeon (11/15)            Temple (1/1) D:4            Lair (0/6) D:11
    Orc (0/2) D:10          Sewer (visited)

Altars:
Ashenzari
Gozag
Nemelex Xobeh
Ru
Sif Muna
Uskayaw
Xom
The Shining One

Annotations:
D:5 Sigmund
D:10 exclusions: door and 1 more exclusion
D:11 exclusions: boulder beetle, hydra and two-headed ogre


Innate Abilities, Weirdness & Mutations

((You are quick and stealthy near water. (Stealth+, EV+, Speed+++)))
Your lower body shifts to a powerful aquatic tail in water.


Message History

Casting: Dazzling Flash (safe; 1% risk of failure)
Confirm with . or Enter, or press ? or * to list all spells.
Casting: Dazzling Flash (safe; 1% risk of failure)
Press: ? - help, Dir - look around, f - activate The cyclops is dazzled.
The wall freezes the cyclops!
Casting: Dazzling Flash (safe; 1% risk of failure)
Confirm with . or Enter, or press ? or * to list all spells.
Aiming: Freeze (safe; 1% risk of failure)
Press: ? - help, Shift-Dir - straight line, f - cyclops
Aim: a cyclops, quivering large rocks (heavily wounded, blind)
You freeze the cyclops.
The cyclops is heavily wounded.
The wall freezes the cyclops.
Casting: Freeze (safe; 1% risk of failure)
Confirm with . or Enter, or press ? or * to list all spells.
Casting: Dazzling Flash (safe; 1% risk of failure)
Press: ? - help, Dir - look around, f - activate
Okay, then.
Casting: Dazzling Flash (safe; 1% risk of failure)
Confirm with . or Enter, or press ? or * to list all spells.
Casting: Hailstorm (mildly dangerous; 1% risk of failure)
Press: ? - help, Dir - look around, f - activate A cannonade of hail descends around you!
The hail pelts the cyclops!!
The cyclops is almost dead.
Casting: Hailstorm (mildly dangerous; 1% risk of failure)
Confirm with . or Enter, or press ? or * to list all spells.
You don't have enough magic to cast this spell.
Unknown command.
Casting: Hailstorm (mildly dangerous; 1% risk of failure)
Confirm with . or Enter, or press ? or * to list all spells.
Casting: Dazzling Flash (safe; 1% risk of failure)
Press: ? - help, Dir - look around, f - activate Your icy armour and frozen ramparts will break if you move.
Continue?
Your icy armour cracks and falls away as you move.
The frozen ramparts melt away as you move.
The cyclops is no longer blind.
Found a stone staircase leading down.
The cyclops throws a large rock.
The large rock hits you!
You die...

#####################**
* .....................,
#........###.........
......................##
,
....##........#####.....
,
.............C..@.....>.
,
.............#######....
, '######......#, ,,* #
, ... #......# ,,, , ,
.... #..###.#, , , ....,
#..#*#.# * * ,,,, ** ..
, ,#...,... , , * ,, ##
####, , , , * ,,


You could see a cyclops.

Vanquished Creatures
  Erolcha (D:10)
  A two-headed ogre (D:11)
  Pikel (D:9)
  An ugly thing (D:7)
  A cyclops (D:7)
  An unseen horror (D:10)
  A kobold demonologist (D:9)
  3 trolls
  A hornet (D:8)
  9 yaks
  2 wraiths (D:10)
  A wyvern (D:9)
  4 vampire mosquitoes (D:11)
  An acid dragon (D:9)
  3 water moccasins
  5 orc warriors
  2 black bears
  3 ice beasts
  2 sky beasts
  An ogre (D:5)
  4 centaurs
  7 kobold brigands (Sewer)
  A gnoll sergeant (D:10)
  A scorpion (D:5)
  2 bullfrogs (D:7)
  A water moccasin zombie (D:5)
  A water moccasin skeleton (D:5)
  6 killer bees
  4 wights
  7 howler monkeys
  2 centaur zombies
  3 bullfrog zombies
  4 jellies
  9 orc priests
  3 centaur skeletons (D:5)
  3 hounds
  2 bullfrog skeletons
  A gnoll shaman (D:6)
  Ijyb (D:5)
  5 iguanas
  11 orc wizards
  Robin (D:3)
  8 adders
  14 gnolls
  A river rat (Sewer)
  An adder skeleton (D:4)
  9 worms
  4 dart slugs (D:1)
  45 orcs
  8 ball pythons
  3 bats
  6 endoplasms
  A giant cockroach (D:3)
  19 goblins
  7 hobgoblins
  2 jackals (D:1)
  10 kobolds
  A quokka (D:4)
  A frilled lizard (D:3)
  7 rats
  A butterfly (D:7)
271 creatures vanquished.

Notes
Turn   | Place    | Note
-------+----------+-------------------------------------------
     0 | D:1      | Sixotanaka the Merfolk Ice Elementalist began the quest for
                  | the Orb.
     0 | D:1      | Reached XP level 1. HP: 13/13 MP: 3/3
   139 | D:1      | Reached XP level 2. HP: 13/19 MP: 1/5
   240 | D:1      | Reached skill level 5 in Ice Magic
   487 | D:1      | Found a faded altar of an unknown god.
   497 | D:1      | Became a worshipper of Ashenzari the Shackled
   803 | D:2      | Reached XP level 3. HP: 24/24 MP: 4/6
   965 | D:2      | Found a hide-covered altar of Uskayaw.
  1395 | D:2      | Reached * piety under Ashenzari
  1549 | D:2      | Learned a level 3 spell: Frozen Ramparts
  1553 | D:2      | Learned a level 3 spell: Ozocubu's Armour
  1637 | D:3      | Reached XP level 4. HP: 30/30 MP: 0/8
  1703 | D:3      | Found a glowing drain.
  1753 | Sewer    | Entered a sewer
  1919 | Sewer    | Reached XP level 5. HP: 32/35 MP: 4/8
  1999 | Sewer    | Noticed a kobold brigand
  2009 | Sewer    | Killed a kobold brigand
  2338 | Sewer    | Noticed a kobold brigand
  2346 | Sewer    | Killed a kobold brigand
  2347 | Sewer    | Reached XP level 6. HP: 35/41 MP: 0/9
  2593 | Sewer    | Reached XP level 7. HP: 25/46 MP: 1/10
  3165 | D:3      | Noticed Robin
  3174 | D:3      | Killed Robin
  3430 | D:3      | Learned a level 3 spell: Dazzling Flash
  4033 | D:4      | Reached skill level 1 in Shields
  4033 | D:4      | Reached skill level 1 in Hexes
  4042 | D:4      | Reached XP level 8. HP: 48/52 MP: 0/12
  4362 | D:3      | Reached ** piety under Ashenzari
  4417 | D:4      | Found a shimmering blue altar of Sif Muna.
  4417 | D:4      | Found an opulent altar of Gozag.
  4417 | D:4      | Found a sacrificial altar of Ru.
  4871 | D:4      | Found a staircase to the Ecumenical Temple.
  4880 | Temple   | Entered the Ecumenical Temple
  4964 | D:5      | Entered Level 5 of the Dungeon
  4985 | D:5      | Noticed Sigmund
  5569 | D:5      | Reached skill level 1 in Conjurations
  5774 | D:5      | Found a hide-covered altar of Uskayaw.
  5786 | D:5      | Reached XP level 9. HP: 53/57 MP: 10/13
  6189 | D:5      | Reached skill level 5 in Hexes
  6269 | D:5      | Noticed Ijyb
  6275 | D:5      | Killed Ijyb
  7232 | D:6      | Reached skill level 10 in Ice Magic
  7590 | D:6      | Reached skill level 3 in Dodging
  7752 | D:6      | Reached skill level 1 in Fighting
  8594 | D:7      | Found a shimmering altar of Xom.
  8612 | D:7      | Noticed a cyclops
  8647 | D:7      | Killed a cyclops
  8648 | D:7      | Reached skill level 4 in Dodging
  8851 | D:7      | Reached XP level 10. HP: 73/73 MP: 9/16
  8852 | D:7      | Reached skill level 5 in Dodging
  9154 | D:7      | Noticed a red ugly thing
  9163 | D:7      | Killed a red ugly thing
  9164 | D:7      | Reached skill level 6 in Dodging
  9322 | D:6      | Reached *** piety under Ashenzari
  9893 | D:7      | Reached skill level 7 in Dodging
 11227 | D:8      | Learned a level 4 spell: Hailstorm
 11580 | D:9      | Noticed a kobold demonologist
 11616 | D:9      | Reached skill level 8 in Dodging
 11867 | D:9      | Noticed Pikel
 11871 | D:9      | Killed Pikel
 11872 | D:9      | Reached skill level 9 in Dodging
 11872 | D:9      | Reached XP level 11. HP: 81/81 MP: 7/17
 12090 | D:9      | Reached skill level 5 in Conjurations
 12533 | D:10     | Entered Level 10 of the Dungeon
 12630 | D:10     | Noticed a two-headed ogre
 12864 | D:10     | Reached skill level 10 in Dodging
 12942 | D:10     | Found a staircase to the Orcish Mines.
 12996 | D:10     | Found a glowing golden altar of the Shining One.
 12996 | D:10     | Identified the +6 mace "Conservator" {flame, Str+7}
 13235 | D:10     | Noticed Erolcha
 13258 | D:10     | Killed Erolcha
 14077 | D:11     | Noticed a two-headed ogre
 14079 | D:11     | Noticed an eight-headed hydra
 14099 | D:11     | Found a shimmering blue altar of Sif Muna.
 14128 | D:11     | Identified a scroll of acquirement
 14138 | D:11     | Acquired the +3 buckler "Wefadgh" {Dex+3}
 14310 | D:11     | Noticed a two-headed ogre
 14324 | D:11     | Killed a two-headed ogre
 14325 | D:11     | Reached skill level 11 in Dodging
 14452 | D:11     | Found a staircase to the Lair.
 14533 | D:11     | Reached skill level 12 in Dodging
 14626 | D:11     | Noticed a boulder beetle
 14879 | D:11     | Noticed a cyclops
 14903 | D:11     | Hit by a large rock thrown by a cyclops

Illustrated notes

Levels and vault maps discovered:
D:1:      psy_arrival_statuary, layout_basic, dreamdust_ecumenical_altar_grove
D:2:      layout_basic, basic_altar
D:3:      layout_basic, serial_aquarium, aquarium_bridge_island_small
          [aquarium_subvault_small_open, aquarium_subvault_balcony,
          aquarium_subvault_bridge, aquarium_subvault_balcony,
          aquarium_subvault_window], aquarium_window_fake, aquarium_window_1,
          aquarium_view_2c, aquarium_view_2c, aquarium_pool_1,
          cheibrodos_sewer_entry_bend, uniq_robin
D:4:      layout_loops_ring, gammafunk_temple_overflow_claw,
          minmay_temple_entry_poolview
D:5:      minmay_razor_zed, layout_gridville, lemuel_tele_altar, uniq_sigmund,
          uniq_ijyb
D:6:      layout_layer_cave, minmay_strange_pillars
D:7:      layout_basic, xom_butterflies
D:8:      layout_cave_pools
D:9:      layout_basic, uniq_pikel
D:10:     layout_roguey, mainiacjoe_overflow_alcove_4, uniq_erolcha
D:11:     layout_stronghold, lair_entry_dummy, nicolae_sif_muna_condensation
Temple:   regret_index_temple_sphere_string

Skill      XL: |  1  2  3  4  5  6  7  8  9 10 11 |
---------------+----------------------------------+-----
Ice Magic      | 5 6 8 9 10 11 | 11.7
Spellcasting   | 3 |  3.0
Shields        | 1 4 |  4.0
Hexes          | 1 4 6 |  6.5
Conjurations   | 3 4 6 |  6.8
Dodging        | 4 9 12 | 12.0
Fighting       | 3 4 |  4.3
Stealth        | |  2.1

Action                   |  1- 3 |  4- 6 |  7- 9 | 10-12 || total
-------------------------+-------+-------+-------+-------++-------
Melee: Unarmed           |     3 |       |       |       ||     3
       Short sword       |     3 |    10 |   248 |   219 ||   480
 Cast: Freeze            |    45 |    29 |    89 |    98 ||   261
       Frozen Ramparts   |     1 |     7 |    30 |    36 ||    74
       Ozocubu's Armour  |     1 |     3 |    22 |    30 ||    56
       Dazzling Flash    |       |       |    16 |    10 ||    26
       Hailstorm         |       |       |       |     7 ||     7
Invok: Curse Item        |     2 |       |     3 |     2 ||     7
       Shatter the Chain |       |     1 |       |     1 ||     2
  Use: Scroll            |     1 |       |     1 |     1 ||     3
       Potion            |       |       |       |     2 ||     2
 Stab: Sleeping          |     1 |     3 |     6 |       ||    10
       Distracted        |       |     1 |       |       ||     1
       Invisible         |       |       |     3 |     3 ||     6
Armor: Robe              |    10 |     2 |   142 |   122 ||   276
Dodge: Dodged            |    23 |    21 |   197 |   235 ||   476
Block: Buckler           |       |       |    66 |    85 ||   151

Table legend: (Time is in decaauts)
 A = Elapsed time spent in this place.
 B = Non-inter-level travel time spent in this place.
 C = Inter-level travel time spent in this place.
 D = Time resting spent in this place.
 E = Time spent auto-exploring this place.
 F = Levels seen in this place.
 G = Mean time per level.
                   A        B        C        D        E       F      G
               +--------+--------+--------+--------+--------+-----+--------+
         Total |  14849 |  14251 |    598 |   4048 |   7262 |  13 | 1142.2 |
       Dungeon |  13676 |  13086 |    590 |   3621 |   6693 |  11 | 1243.3 |
        Temple |     19 |     11 |      8 |      0 |      9 |   1 |   19.0 |
         Sewer |   1153 |   1153 |      0 |    427 |    560 |   1 | 1153.0 |
               +--------+--------+--------+--------+--------+-----+--------+

Top non-repeatable levels by time:
     D:6: 2001 daAuts
     D:5: 1725 daAuts
    D:10: 1522 daAuts
     D:9: 1307 daAuts
     D:7: 1292 daAuts
     D:8: 1274 daAuts
   Sewer: 1153 daAuts
     D:4: 1044 daAuts
     D:3: 1028 daAuts
    D:11: 885 daAuts
     D:2: 797 daAuts
     D:1: 796 daAuts
  Temple: 19 daAuts
